[ AOE2 MATCH · #508113357 ]
UnrankedMongols vs Turks
Player's team · WIN
Rival team · LOSS
[ REPLAY ANALYSIS · EXTRACTED FROM THE RECORDED GAME ]
Feudal
8:01
Castle
23:38
Imperial
—
| APM avg | 31.7 |
| APM peak | 52 |
| eAPM avg | 19.4 |
| Villagers / military | 111 / 6 |
Focus
⚔️ 31.5% · 🌾 68.5%
Mangudai ×4 · Monk ×2
Feudal
10:31
Castle
22:20
Imperial
—
| APM avg | 31.8 |
| APM peak | 75 |
| eAPM avg | 17.9 |
| Villagers / military | 83 / 16 |
Focus
⚔️ 33.2% · 🌾 66.8%
Knight ×10 · Janissary ×3 · Scout Cavalry ×3
Match map
Initial resources + every placement click. Lines = walls · curves = elevation contours. ◆ gold · ⬟ stone · ● berries · ✦ relic · ◌ wall gap
Your base· ✓ Closed at 23:38 · 0t walls · 3 gate(s)
Xxkaname13's base· ✓ Closed at 22:20 · 20t walls · 3 gate(s)
Smoothed initial terrain · ◌ = detected wall gap · hover for details
Inputs per minute
— VENÓN | BOTZANGA - - Xxkaname13
Build order — VENÓN | BOTZANGA
First 150 of 197 actions detected
| 0:01 | Queue | Villager (Male) |
| 0:01 | Queue | Villager (Male) |
| 0:02 | Build | House |
| 0:03 | Build | House |
| 0:07 | Queue | Villager (Male) |
| 0:21 | Queue | Villager (Male) |
| 1:19 | Build | Lumber Camp |
| 1:20 | Queue | Villager (Male) |
| 1:21 | Queue | Villager (Male) |
| 2:03 | Queue | Villager (Male) |
| 2:03 | Queue | Villager (Male) |
| 2:10 | Queue | Villager (Male) |
| 2:10 | Queue | Villager (Male) |
| 2:54 | Queue | Villager (Male) |
| 2:54 | Queue | Villager (Male) |
| 2:54 | Queue | Villager (Male) |
| 3:29 | Queue | Villager (Male) |
| 3:30 | Queue | Villager (Male) |
| 3:46 | Queue | Villager (Male) |
| 3:49 | Build | House |
| 4:31 | Queue | Villager (Male) |
| 4:31 | Queue | Villager (Male) |
| 4:43 | Build | Mining Camp |
| 4:55 | Research | Loom |
| 5:39 | Research | Feudal Age |
| 7:52 | Queue | Villager (Male) |
| 8:01 | Age | Feudal Age |
| 8:09 | Queue | Villager (Male) |
| 8:20 | Build | House |
| 8:33 | Build | Watch Tower |
| 8:41 | Queue | Villager (Male) |
| 8:53 | Build | House |
| 8:56 | Queue | Villager (Male) |
| 9:10 | Queue | Villager (Male) |
| 9:12 | Research | Double-Bit Axe |
| 9:31 | Queue | Villager (Male) |
| 9:36 | Build | Mill |
| 9:37 | Queue | Villager (Male) |
| 9:46 | Queue | Villager (Male) |
| 10:08 | Queue | Villager (Male) |
| 10:10 | Build | House |
| 10:11 | Build | House |
| 10:14 | Queue | Villager (Male) |
| 10:25 | Queue | Villager (Male) |
| 10:25 | Queue | Villager (Male) |
| 10:30 | Queue | Villager (Male) |
| 10:48 | Build | Watch Tower |
| 11:13 | Queue | Villager (Male) |
| 11:24 | Queue | Villager (Male) |
| 11:39 | Build | Blacksmith |
| 12:08 | Queue | Villager (Male) |
| 12:13 | Queue | Villager (Male) |
| 12:32 | Research | Fletching |
| 12:37 | Queue | Villager (Male) |
| 13:01 | Queue | Villager (Male) |
| 13:27 | Build | Watch Tower |
| 13:28 | Queue | Villager (Male) |
| 13:33 | Queue | Villager (Male) |
| 13:52 | Queue | Villager (Male) |
| 14:35 | Research | Horse Collar |
| 14:40 | Build | Farm |
| 14:40 | Build | Farm |
| 14:40 | Build | Farm |
| 14:40 | Build | Farm |
| 14:43 | Build | House |
| 14:44 | Build | House |
| 14:44 | Queue | Villager (Male) |
| 15:06 | Build | Watch Tower |
| 15:11 | Queue | Villager (Male) |
| 15:22 | Queue | Villager (Male) |
| 15:25 | Build | Farm |
| 15:34 | Queue | Villager (Male) |
| 15:39 | Queue | Villager (Male) |
| 15:52 | Queue | Villager (Male) |
| 16:06 | Build | Farm |
| 16:09 | Build | Farm |
| 16:11 | Build | Farm |
| 16:13 | Build | Farm |
| 16:14 | Queue | Villager (Male) |
| 16:52 | Build | Watch Tower |
| 16:54 | Queue | Villager (Male) |
| 17:04 | Queue | Villager (Male) |
| 17:13 | Build | Watch Tower |
| 17:23 | Queue | Villager (Male) |
| 17:27 | Queue | Villager (Male) |
| 17:37 | Build | Farm |
| 17:38 | Build | Farm |
| 17:38 | Build | Farm |
| 17:38 | Build | Farm |
| 17:38 | Build | Farm |
| 17:51 | Queue | Villager (Male) |
| 18:15 | Queue | Villager (Male) |
| 18:19 | Queue | Villager (Male) |
| 18:22 | Build | Mining Camp |
| 18:34 | Queue | Villager (Male) |
| 18:56 | Queue | Villager (Male) |
| 19:00 | Queue | Villager (Male) |
| 19:25 | Build | Watch Tower |
| 19:27 | Queue | Villager (Male) |
| 19:37 | Queue | Villager (Male) |
| 19:41 | Build | Farm |
| 19:41 | Build | Farm |
| 19:45 | Build | House |
| 19:49 | Queue | Villager (Male) |
| 20:01 | Queue | Villager (Male) |
| 20:06 | Build | Market |
| 20:11 | Build | Lumber Camp |
| 20:13 | Queue | Villager (Male) |
| 20:32 | Queue | Villager (Male) |
| 20:58 | Research | Castle Age |
| 21:05 | Research | Gold Mining |
| 21:29 | Queue | Villager (Male) |
| 21:56 | Build | Watch Tower |
| 22:12 | Queue | Villager (Male) |
| 22:18 | Build | Mining Camp |
| 22:29 | Queue | Villager (Male) |
| 22:47 | Build | Watch Tower |
| 23:04 | Research | Stone Mining |
| 23:22 | Queue | Villager (Male) |
| 23:30 | Queue | Villager (Male) |
| 23:38 | Age | Castle Age |
| 23:42 | Research | Bodkin Arrow |
| 23:43 | Queue | Villager (Male) |
| 23:49 | Build | University |
| 23:51 | Research | Bow Saw |
| 23:52 | Queue | Villager (Male) |
| 24:05 | Queue | Villager (Male) |
| 24:29 | Build | Watch Tower |
| 24:31 | Queue | Villager (Male) |
| 24:48 | Research | Guard Tower (upgrade) |
| 24:49 | Queue | Villager (Male) |
| 24:55 | Queue | Villager (Male) |
| 24:57 | Build | Town Center |
| 25:03 | Build | House |
| 25:37 | Queue | Villager (Male) |
| 25:44 | Queue | Villager (Male) |
| 25:46 | Queue | Villager (Male) |
| 25:50 | Build | Town Center |
| 25:50 | Queue | Villager (Male) |
| 26:01 | Queue | Villager (Male) |
| 26:07 | Research | Wheelbarrow |
| 26:07 | Queue | Villager (Male) |
| 26:15 | Queue | Villager (Male) |
| 26:24 | Queue | Villager (Male) |
| 26:30 | Queue | Villager (Male) |
| 26:35 | Queue | Villager (Male) |
| 26:42 | Build | Monastery |
| 26:43 | Queue | Villager (Male) |
| 26:50 | Queue | Villager (Male) |
| 27:02 | Queue | Villager (Male) |
Build order — Xxkaname13
First 150 of 199 actions detected
| 0:01 | Queue | Villager (Male) |
| 0:01 | Queue | Villager (Male) |
| 0:02 | Build | House |
| 0:03 | Build | House |
| 0:05 | Queue | Villager (Male) |
| 0:06 | Queue | Villager (Male) |
| 0:06 | Queue | Villager (Male) |
| 1:23 | Queue | Villager (Male) |
| 1:50 | Build | Lumber Camp |
| 2:03 | Queue | Villager (Male) |
| 2:03 | Queue | Villager (Male) |
| 2:27 | Queue | Villager (Male) |
| 2:47 | Queue | Villager (Male) |
| 3:11 | Queue | Villager (Male) |
| 3:37 | Queue | Villager (Male) |
| 3:37 | Queue | Villager (Male) |
| 3:48 | Build | House |
| 3:50 | Build | House |
| 3:59 | Queue | Villager (Male) |
| 4:19 | Build | Mill |
| 4:24 | Queue | Villager (Male) |
| 4:36 | Queue | Villager (Male) |
| 4:57 | Queue | Villager (Male) |
| 5:23 | Queue | Villager (Male) |
| 5:42 | Queue | Villager (Male) |
| 6:18 | Queue | Villager (Male) |
| 6:20 | Queue | Villager (Male) |
| 6:21 | Queue | Villager (Male) |
| 6:58 | Research | Loom |
| 7:01 | Queue | Villager (Male) |
| 7:02 | Queue | Villager (Male) |
| 7:10 | Build | Mining Camp |
| 7:49 | Research | Loom |
| 7:54 | Research | Feudal Age |
| 8:11 | Build | House |
| 8:17 | Build | Palisade Wall |
| 8:29 | Build | Palisade Wall |
| 8:30 | Build | Palisade Wall |
| 8:43 | Build | Barracks |
| 9:30 | Build | Palisade Wall |
| 9:32 | Build | Palisade Wall |
| 9:32 | Build | Palisade Wall |
| 10:02 | Build | House |
| 10:05 | Queue | Villager (Male) |
| 10:31 | Age | Feudal Age |
| 10:37 | Build | Market |
| 10:38 | Queue | Villager (Male) |
| 10:47 | Build | Watch Tower |
| 11:10 | Queue | Villager (Male) |
| 11:35 | Build | Stable |
| 11:43 | Build | Farm |
| 12:12 | Build | Farm |
| 12:29 | Queue | Villager (Male) |
| 12:29 | Queue | Villager (Male) |
| 12:31 | Build | Farm |
| 13:28 | Build | Farm |
| 13:28 | Queue | Villager (Male) |
| 13:50 | Build | Farm |
| 14:03 | Build | Watch Tower |
| 14:07 | Queue | Villager (Male) |
| 14:07 | Queue | Villager (Male) |
| 14:19 | Build | House |
| 14:22 | Build | House |
| 14:36 | Build | Mining Camp |
| 14:49 | Build | Farm |
| 14:52 | Research | Double-Bit Axe |
| 14:52 | Research | Double-Bit Axe |
| 14:53 | Queue | Villager (Male) |
| 15:30 | Queue | Villager (Male) |
| 15:34 | Build | Farm |
| 15:37 | Build | Farm |
| 15:45 | Build | Blacksmith |
| 15:47 | Queue | Villager (Male) |
| 16:09 | Queue | Villager (Male) |
| 16:14 | Build | Mining Camp |
| 16:23 | Queue | Villager (Male) |
| 16:27 | Build | Farm |
| 16:32 | Build | Farm |
| 16:34 | Research | Fletching |
| 16:40 | Queue | Villager (Male) |
| 16:48 | Queue | Villager (Male) |
| 16:53 | Research | Horse Collar |
| 17:05 | Build | Watch Tower |
| 17:15 | Queue | Villager (Male) |
| 17:22 | Build | Farm |
| 17:36 | Queue | Villager (Male) |
| 17:47 | Queue | Villager (Male) |
| 17:53 | Build | Farm |
| 19:00 | Queue | Villager (Male) |
| 19:33 | Research | Castle Age |
| 19:34 | Research | Castle Age |
| 20:02 | Build | Lumber Camp |
| 20:21 | Build | Mining Camp |
| 20:28 | Research | Padded Archer Armor |
| 20:28 | Research | Padded Archer Armor |
| 20:34 | Research | Stone Mining |
| 20:35 | Research | Stone Mining |
| 22:03 | Queue | Villager (Male) |
| 22:20 | Age | Castle Age |
| 22:23 | Build | Castle |
| 22:28 | Build | Castle |
| 22:34 | Queue | Villager (Male) |
| 22:54 | Queue | Villager (Male) |
| 23:02 | Build | Town Center |
| 23:41 | Build | Lumber Camp |
| 23:46 | Queue | Janissary |
| 23:46 | Queue | Janissary |
| 23:47 | Queue | Janissary |
| 24:15 | Queue | Villager (Male) |
| 24:20 | Build | Farm |
| 24:21 | Build | Farm |
| 24:24 | Queue | Villager (Male) |
| 24:33 | Build | Watch Tower |
| 24:40 | Build | Farm |
| 24:42 | Build | Farm |
| 24:43 | Build | Farm |
| 24:43 | Build | Farm |
| 24:43 | Build | Farm |
| 24:43 | Build | Farm |
| 25:22 | Queue | Villager (Male) |
| 25:23 | Queue | Villager (Male) |
| 25:38 | Queue | Villager (Male) |
| 25:38 | Queue | Villager (Male) |
| 25:52 | Build | Stable |
| 25:54 | Queue | Scout Cavalry |
| 25:57 | Queue | Villager (Male) |
| 25:58 | Build | Farm |
| 26:01 | Build | Farm |
| 26:13 | Queue | Villager (Male) |
| 26:13 | Queue | Villager (Male) |
| 26:20 | Build | Stable |
| 26:21 | Queue | Villager (Male) |
| 26:22 | Queue | Villager (Male) |
| 26:37 | Build | Farm |
| 26:41 | Build | Farm |
| 26:42 | Queue | Villager (Male) |
| 26:42 | Queue | Villager (Male) |
| 26:43 | Queue | Villager (Male) |
| 26:47 | Queue | Scout Cavalry |
| 26:47 | Queue | Scout Cavalry |
| 26:52 | Research | Bloodlines |
| 26:59 | Research | Bloodlines |
| 27:00 | Research | Husbandry |
| 27:00 | Research | Husbandry |
| 27:01 | Queue | Knight |
| 27:01 | Queue | Knight |
| 27:07 | Build | Lumber Camp |
| 27:08 | Queue | Villager (Male) |
| 27:10 | Queue | Villager (Male) |
| 27:10 | Queue | Villager (Male) |
Match timeline
| 8:01 | VENÓN | BOTZANGA · age_up feudal |
| 8:17 | Xxkaname13 · wall_segment Palisade Wall x11 |
| 8:29 | Xxkaname13 · wall_segment Palisade Wall x5 |
| 8:30 | Xxkaname13 · wall_segment Palisade Wall x1 |
| 8:43 | Xxkaname13 · first_building Barracks |
| 9:30 | Xxkaname13 · wall_segment Palisade Wall x1 |
| 9:32 | Xxkaname13 · wall_segment Palisade Wall x1 |
| 9:32 | Xxkaname13 · wall_segment Palisade Wall x1 |
| 10:31 | Xxkaname13 · age_up feudal |
| 11:35 | Xxkaname13 · first_building Stable |
| 12:22 | Xxkaname13 · first_market_sell 100 stone |
| 12:25 | Xxkaname13 · first_market_buy 100 food |
| 22:20 | Xxkaname13 · age_up castle |
| 22:23 | Xxkaname13 · first_building Castle |
| 23:38 | VENÓN | BOTZANGA · age_up castle |
| 26:42 | VENÓN | BOTZANGA · first_building Monastery |
| 28:35 | VENÓN | BOTZANGA · first_building Castle |
| 31:01 | Xxkaname13 · resign |
[ AI ANALYSIS · 1 CREDIT ]
What really happened in this match?
Wolo.gg analyzes every decision: build order, eco, micro, common mistakes by bracket. Personalized analysis on WhatsApp or Discord in 30 seconds.
Civ guide
Mongols
Perfil
VENÓN | BOTZANGA